 Dungeon Crawl Stone Soup version 0.23.2-1-ga50397a (webtiles) character file.

Game seed: 15350974977395253635

766 Iscandelvey the Vexing (level 7, -4/48 HPs)
             Began as a Demonspawn Arcane Marksman on Apr 29, 2019.
             Slain by a sky beast (6 damage)
             ... on level 5 of the Dungeon.
             The game lasted 00:34:49 (6298 turns).

Iscandelvey the Vexing (Demonspawn Arcane Marksman) Turns: 6298, Time: 00:34:50

Health: -4/48      AC:  4    Str: 10    XL:     7   Next: 52%
Magic:  7/11       EV: 12    Int: 17    God:
Gold:   107        SH:  3    Dex: 13    Spells: 8/11 levels left

rFire    . . .     SeeInvis .   s - +2 whip (elec)
rCold    + . .     Gourm    .   D - +0 buckler
rNeg     . . .     Faith    .   B - +0 leather armour
rPois    .         Spirit   .   (no helmet)
rElec    .         Reflect  .   (no cloak)
rCorr    .         Harm     .   (no gloves)
MR       .....                  G - +0 pair of boots
Stlth    +.........             (no amulet)
HPRegen  0.16/turn              (no ring)
MPRegen  0.12/turn              (no ring)

@: no status effects
A: cold resistance 1, powered by death 1, freezing cloud immunity
a: no special abilities


You were on level 5 of the Dungeon.
You were not hungry.

You visited 1 branch of the dungeon, and saw 5 of its levels.

You collected 107 gold pieces.

Inventory:

Hand Weapons
 a - a +0 hand crossbow
 g - a +0 club
 l - a +0 whip
 m - a +0 short sword
 n - a +1 whip of freezing
 r - a +0 hunting sling
 s - a +2 whip of electrocution (weapon)
 w - a +0 spear
 x - a +0 hand axe
Missiles
 c - 5 tomahawks
 d - 17 bolts
 k - 141 stones (quivered)
 v - 26 sling bullets
 z - 13 poisoned needles
Armour
 e - a +0 robe
 B - a +0 leather armour (worn)
 D - a +0 buckler (worn)
 G - a +0 pair of boots (worn)
Jewellery
 h - a +3 ring of protection {unknown}
Scrolls
 b - a scroll of amnesia
 i - a scroll of teleportation {unknown}
 j - a scroll of noise
 o - 4 scrolls of remove curse
 p - a scroll of identify
 q - a scroll of enchant weapon
 t - a scroll of immolation {unknown}
 y - a scroll of magic mapping {unknown}
Potions
 u - a potion of lignification {unknown}
 A - a potion of brilliance {unknown}
 C - a potion of cancellation
 E - a potion of mutation {unknown}
 F - a potion of berserk rage {unknown}
Comestibles
 f - 7 rations


   Skills:
 - Level 1.0 Fighting
 * Level 4.4 Crossbows
 * Level 2.6 Armour
 + Level 3.2 Dodging
 + Level 2.7 Spellcasting
 * Level 5.5 Hexes


You had 8 spell levels left.
You knew the following spells:

 Your Spells              Type           Power        Failure   Level  Hunger
a - Corona                Hex            ###....      4%          1    #......
b - Slow                  Hex            ###.....     6%          2    ##.....

Your spell library contained the following spells:

 Spells                   Type           Power        Failure   Level  Hunger
 Inner Flame              Hex/Fire       ##......     36%         3    ###....
 Portal Projectile        Hex/Tloc       ##....       36%         3    ###....
 Cause Fear               Hex            ###.......   38%         4    #####..
 Leda's Liquefaction      Hex/Erth       ##........   77%         4    #####..


Dungeon Overview and Level Annotations

Branches:
Dungeon (5/15)
 Temple: D:4-7

Altars:
Cheibriados
Sif Muna

Shops:
D:4 }

Annotations:
D:2 1 runed translucent door, Crazy Yiuf
D:4 Edmund


Innate Abilities, Weirdness & Mutations

Your flesh is cold resistant. (rC+)
You regenerate a little health from kills.
You are immune to freezing clouds.


Message History

Confirm with . or Enter, or press ? or * to list all spells.
Aiming: Slow (safe; 6% risk of failure)
Press: ? - help, Shift-Dir - straight line, f/p - sky beast
Aim: a sky beast (rain, severely wounded, chance to defeat MR: 60%)
The sky beast resists with significant effort.
The sky beast hits you.
* * * LOW HITPOINT WARNING * * *
The sky beast shocks you.
* * * LOW HITPOINT WARNING * * *
Okay, then.
Casting: Slow (safe; 6% risk of failure)
Confirm with . or Enter, or press ? or * to list all spells.
Aiming: Slow (safe; 6% risk of failure)
Press: ? - help, Shift-Dir - straight line, f/p - sky beast
Aim: a sky beast (severely wounded, chance to defeat MR: 60%)
The sky beast resists with significant effort.
The sky beast hits you.
* * * LOW HITPOINT WARNING * * *
The sky beast shocks you.
You die...

#........#
##........## #
#..........#
..#..[.......#
#............####
#..............#
#...........# ..#
#...<<...# ....#
#........@.#
.....
###.######Y#
.$.... #
#≈####......
#.####......# ..
# #....#.....##
.#.#
#.......###...#
##.........#
##........#.#
#...........#


You could see a sky beast.

Vanquished Creatures
  Pikel (D:4)
  A scorpion (D:5)
  An orc priest (D:3)
  A hound (D:4)
  A worker ant (D:4)
  3 gnolls
  6 adders
  An ooze (D:1)
  A worm (D:3)
  3 dart slugs
  3 leopard geckos
  9 orcs
  7 bats
  6 giant cockroaches
  5 goblins
  5 hobgoblins
  6 jackals (D:3)
  2 quokkas
  2 ball pythons (D:3)
  6 frilled lizards
  6 kobolds
  A rat (D:3)
77 creatures vanquished.

Notes
Turn   | Place    | Note
-------+----------+-------------------------------------------
     0 | D:1      | Iscandelvey the Demonspawn Arcane Marksman began the quest
                  | for the Orb.
     0 | D:1      | Reached XP level 1. HP: 15/15 MP: 2/2
   182 | D:1      | Gained mutation: You regenerate a little health from kills.
                  | [demonic ancestry]
   182 | D:1      | Reached XP level 2. HP: 21/21 MP: 3/3
   338 | D:1      | Learned a level 2 spell: Slow
  1130 | D:2      | Reached XP level 3. HP: 26/26 MP: 1/4
  1215 | D:2      | Found a faded altar of an unknown god.
  1775 | D:2      | Found a runed translucent door.
  1776 | D:2      | Noticed Crazy Yiuf
  1864 | D:2      | Found a snail-covered altar of Cheibriados.
  2524 | D:3      | Reached XP level 4. HP: 32/32 MP: 6/6
  2553 | D:3      | Reached skill level 4 in Hexes
  2586 | D:3      | Found a deep blue altar of Sif Muna.
  3484 | D:3      | Reached XP level 5. HP: 37/37 MP: 3/7
  5162 | D:4      | Noticed Pikel
  5162 | D:4      | Noticed a slave
  5162 | D:4      | Noticed a slave
  5162 | D:4      | Noticed a slave
  5162 | D:4      | Noticed a slave
  5251 | D:4      | HP: 1/37 [Pikel/+1 whip of freezing (2)]
  5257 | D:4      | Killed Pikel
  5257 | D:4      | Reached skill level 5 in Hexes
  5257 | D:4      | Gained mutation: Your flesh is cold resistant. (rC+)
                  | [demonic ancestry]
  5257 | D:4      | Reached XP level 6. HP: 13/43 MP: 4/10
  5257 | D:4      | Gained mutation: You are immune to freezing clouds.
                  | [demonic ancestry]
  5257 | D:4      | Reached XP level 7. HP: 15/48 MP: 4/11
  5557 | D:4      | Found Wypapor's Gadget Shop.
  5777 | D:4      | Noticed Edmund
  6231 | D:5      | Entered Level 5 of the Dungeon
  6298 | D:5      | HP: 2/48 [sky beast (1)]
  6298 | D:5      | Slain by a sky beast

Skill      XL: |  1  2  3  4  5 |
---------------+----------------+-----
Crossbows      | 2 3 4 |  4.4
Dodging        | 2 3 |  3.2
Hexes          | 4 5 |  5.5
Spellcasting   | 2 |  2.7
Armour         | 2 |  2.6
Fighting       | |  1.0

Action                   |  1- 3 |  4- 6 |  7- 9 || total
-------------------------+-------+-------+-------++-------
Melee: Short sword       |    43 |       |       ||    43
       Whip              |     5 |       |    32 ||    37
       Club              |     3 |       |       ||     3
       Hand axe          |       |    18 |       ||    18
       Spear             |       |    38 |       ||    38
       Dagger            |       |    10 |       ||    10
 Fire: Hand crossbow     |    26 |    32 |     3 ||    61
       Hunting sling     |    34 |   102 |       ||   136
Throw: Stone             |    24 |     5 |       ||    29
 Cast: Corona            |    10 |    18 |     1 ||    29
       Slow              |    11 |    35 |     7 ||    53
  Use: Scroll            |       |     4 |       ||     4
       Potion            |       |     3 |       ||     3
 Stab: Sleeping          |     1 |       |       ||     1
  Eat: Chunk             |     6 |    11 |     1 ||    18
       Ration            |       |       |     1 ||     1
Armor: Robe              |    13 |    22 |       ||    35
       Leather armour    |       |       |     8 ||     8
Dodge: Dodged            |    80 |    98 |    10 ||   188
Block: Buckler           |       |       |     1 ||     1
